 Dungeon Crawl Stone Soup version 0.15-a0-411-g153a95e (webtiles) character file.

1871 Leibowitz the Ducker (level 8, -5/67 HPs)
             Began as a Demigod Gladiator on May 4, 2014.
             Slain by a sheep (8 damage)
             ... on Level 7 of the Dungeon.
             The game lasted 00:22:32 (6551 turns).

Leibowitz the Ducker (Demigod Gladiator)            Turns: 6551, Time: 00:22:32

HP  -5/67        AC  4     Str 23      XL: 8   Next: 51%
MP  13/13        EV 15     Int 14      God:
Gold 96          SH  0     Dex 18      Spells:  0 memorised,  7 levels left

rFire  + + .     SeeInvis +     a - +0,+1 trident
rCold  + . .     Clarity  .     z - -2 leather armour "Sentiawk" {Str+3 Acc+3}
rNeg   + . .     Conserve .     (no shield)
rPois  .         rCorr    .     r - +2 helmet {SInv}
rElec  .         rRot     .     (no cloak)
SustAb . .       Spirit   .     (no gloves)
rMut   .         Warding  .     (no boots)
Saprov . . .     Stasis   .     (no amulet)
MR     .....                    x - ring "Shrump" {rF+ rC+ rN+ SInv}
                                q - ring of protection from fire

@: not resistant to hostile enchantments, fairly stealthy
A: no striking features
a: no special abilities


You were on level 7 of the Dungeon.
You were not hungry.

You visited 1 branch of the dungeon, and saw 7 of its levels.

You collected 301 gold pieces.
You spent 205 gold pieces at shops.

Inventory:

Hand weapons
 a - a +0,+1 trident (weapon)
 b - a +0 blowgun
 t - a +0,+0 trident
Missiles
 d - 2 throwing nets
 p - 6 javelins of penetration
 u - 34 poisoned needles
 v - 4 javelins (quivered)
Armour
 r - a +2 helmet of see invisible (worn)
 z - the cursed -2 leather armour "Sentiawk" (worn) {Str+3 Acc+3}
   (You bought it in a shop on level 6 of the Dungeon)

   It affects your strength (+3).
   It affects your accuracy with ranged weapons and melee attacks (+3).
   It has a curse placed upon it.
Magical devices
 w - a wand of slowing (20)
Comestibles
 c - a chunk of quokka flesh
 f - 3 bread rations
 j - 2 chokos
 m - a chunk of elf flesh
 n - 2 rotting chunks of giant frog flesh
 o - 3 meat rations
 s - a pear
Scrolls
 h - 4 scrolls of teleportation
 i - 6 scrolls of identify
 k - 3 scrolls of remove curse
 l - 2 scrolls of enchant armour
 A - a scroll of enchant weapon II
 C - 2 scrolls of blinking
Jewellery
 q - a ring of protection from fire (left hand)
 x - the ring "Shrump" (right hand) {rF+ rC+ rN+ SInv}
   (You found it on level 6 of the Dungeon)

   [ring of protection from cold]

   It protects you from fire.
   It protects you from cold.
   It protects you from negative energy.
   It enhances your eyesight.
Potions
 e - 2 potions of curing
 g - 2 potions of heal wounds


   Skills:
 * Level 4.5 Fighting
 + Level 5.4 Polearms
 + Level 3.0 Throwing
 + Level 2.9 Armour
 + Level 5.9 Dodging
 * Level 5.0 Stealth


You had 7 spell levels left.
You didn't know any spells.

Dungeon Overview and Level Annotations

Branches:
Dungeon (7/15)             Temple (0/1) D:4

Shops:
D:4 =   D:5 *   D:6 **[


Message History

The sheep bites you.
* * * LOW HITPOINT WARNING * * *
You barely miss the sheep.
The sheep is heavily wounded.
The sheep bites you!
* * * LOW HITPOINT WARNING * * *
The sheep misses you.
You puncture the sheep!
The sheep is almost dead.
The sheep barely misses you. The sheep bites you.
* * * LOW HITPOINT WARNING * * *
You closely miss the sheep.
The sheep is almost dead.
The sheep bites you!
* * * LOW HITPOINT WARNING * * *
The sheep misses you.
You barely miss the sheep.
The sheep is almost dead.
The sheep misses you. The sheep bites you!
You die...

.#.. .... . ..... ...
#...# #.# #.#.# #.# ####
#.#.# #.# #######..#
#.#.# #.## #%%..(YY.#
#.#.###.##
#%....#@.######.#.......
###Y###.(...............
#.YY..######....#####.##
#..!.. #....# #.# ######
#....# ##.## ####.#
#...# ###.# #....
#...####...#
#.....######


You could see 2 sheep.

Vanquished Creatures
  Prince Ribbit (D:5)
  A hog (D:7)
  A human (D:7)
  4 ogres
  2 centaurs (D:6)
  Duvessa (D:7)
  2 giant frogs (D:6)
  2 scorpions
  2 crimson imps (D:6)
  Dowan (D:7)
  An orc wizard (D:5)
  A giant frog skeleton (D:5)
  2 worker ants
  9 adders
  A big fish zombie (D:5)
  A giant mite (D:1)
  An inept item mimic (D:7)
  A worm (D:3)
  An adder skeleton (D:5)
  2 giant geckos
  An ooze (D:6)
  10 orcs
  2 ball pythons
  3 bat zombies (D:5)
  12 goblins
  6 hobgoblins
  13 kobolds
  6 quokkas
  17 bats
  7 giant cockroaches
  8 giant newts
  A hobgoblin skeleton (D:6)
  20 jackals
  A kobold zombie (D:5)
  An orc zombie (D:6)
  11 rats
  2 rat zombies (D:5)
158 creatures vanquished.

Notes
Turn   | Place    | Note
--------------------------------------------------------------
     0 | D:1      | Leibowitz, the Demigod Gladiator, began the quest for the Orb.
     0 | D:1      | Reached XP level 1. HP: 17/17 MP: 2/2
   125 | D:1      | Reached XP level 2. HP: 19/24 MP: 3/3
   158 | D:1      | Reached skill level 3 in Polearms
   600 | D:1      | Reached XP level 3. HP: 25/29 MP: 5/5
  1254 | D:2      | Reached skill level 1 in Armour
  1687 | D:3      | Reached XP level 4. HP: 8/36 MP: 7/7
  2041 | D:3      | HP: 1/36 [poisoned by a scorpion]
  2487 | D:3      | Reached XP level 5. HP: 32/42 MP: 8/8
  2508 | D:3      | Reached skill level 1 in Stealth
  3033 | D:4      | Found a staircase to the Ecumenical Temple.
  3051 | D:4      | Found Qiewi's Jewellery Boutique.
  3251 | D:4      | Found a sparkling altar of Nemelex Xobeh.
  3409 | D:5      | Entered Level 5 of the Dungeon
  3441 | D:5      | Found a shattered altar of Ashenzari.
  3448 | D:5      | Noticed an ogre
  3467 | D:5      | Noticed Prince Ribbit
  3487 | D:5      | Killed Prince Ribbit
  3487 | D:5      | Reached skill level 4 in Polearms
  3487 | D:5      | Reached XP level 6. HP: 12/50 MP: 10/10
  3793 | D:5      | Noticed an ogre
  3800 | D:5      | Killed an ogre
  3841 | D:5      | Found an iron altar of Okawaru.
  3852 | D:5      | Found a shattered altar of Ashenzari.
  4039 | D:5      | Found an ancient bone altar of Kikubaaqudgha.
  4111 | D:5      | Found Zaqautt's General Store.
  4657 | D:5      | Reached XP level 7. HP: 31/57 MP: 12/12
  4941 | D:5      | Killed an ogre
  4969 | D:6      | Reached skill level 5 in Dodging
  5144 | D:6      | Found Schurhion's General Store.
  5156 | D:6      | Bought a potion of heal wounds for 30 gold pieces
  5601 | D:6      | Reached skill level 5 in Polearms
  5655 | D:6      | Got a flickering wooden ring
  5657 | D:6      | Identified the ring "Shrump" {rF+ rC+ rN+ SInv} (You found it on level 6 of the Dungeon)
  5734 | D:6      | Found Ghananni's General Store.
  5942 | D:6      | Reached XP level 8. HP: 27/66 MP: 13/13
  6205 | D:6      | Found Xuaxac's Antique Armour Shop.
  6215 | D:6      | Bought a dazzling leather armour for 175 gold pieces
  6223 | D:6      | Identified the cursed -2 leather armour "Sentiawk" {Str+3 Acc+3} (You bought it in a shop on level 6 of the Dungeon)
  6366 | D:7      | Noticed Dowan
  6370 | D:7      | Noticed Duvessa
  6399 | D:7      | Killed Dowan
  6421 | D:7      | Killed Duvessa
  6539 | D:7      | Reached skill level 5 in Stealth
  6550 | D:7      | HP: 3/67 [sheep (8)]
  6551 | D:7      | Slain by a sheep

Action                   |  1- 3 |  4- 6 |  7- 9 || total
-------------------------+-------+-------+-------++-------
Melee: Trident           |   172 |   266 |   218 ||   656
 Fire: Blowgun           |       |       |     3 ||     3
Throw: Throwing net      |       |     4 |     3 ||     7
       Javelin           |       |    12 |    17 ||    29
Evoke: Wand              |       |     1 |       ||     1
  Use: Potion            |     2 |     3 |     2 ||     7
       Scroll            |       |     3 |     7 ||    10
 Stab: Sleeping          |       |     4 |     7 ||    11
       Held in net/web   |       |     1 |     2 ||     3
       Distracted        |       |       |     1 ||     1
